 Dungeon Crawl Stone Soup version 0.28.0 (webtiles) character file.

Game seed: 4685350967256675653

109 Host24 the Bolt Thrower (level 5, -1/32 HPs)
             Began as a Kobold Hunter on Mar 5, 2022.
             Slain by a gnoll (8 damage)
             ... on level 3 of the Dungeon.
             The game lasted 00:03:44 (2642 turns).

Host24 the Bolt Thrower (Kobold Hunter)             Turns: 2642, Time: 00:03:44

Health: -1/32      AC:  4    Str: 11    XL:     5   Next: 13%
Magic:  5/5        EV: 14    Int: 13    God:
Gold:   87         SH:  0    Dex: 15    Spells: 4/4 levels left

rFire   . . .      SeeInvis .   a - +1 hand crossbow
rCold   . . .      Faith    .   (no shield)
rNeg    . . .      Spirit   .   c - +0 leather armour
rPois   .          Reflect  .   s - +0 helmet
rElec   .          Harm     .   (no cloak)
rCorr   .          Rampage  .   (no gloves)
Will    .....                   (no boots)
Stlth   +++.......              k - amulet of the acrobat
HPRegen 0.10/turn               (no ring)
MPRegen 0.09/turn               (no ring)

@: no status effects
A: small, no large weapons, nightstalker 3
a: no special abilities


You were on level 3 of the Dungeon.
You visited 1 branch of the dungeon, and saw 3 of its levels.

You collected 87 gold pieces.

Inventory:

Hand Weapons
 a - a +1 hand crossbow (weapon)
 f - a +2 dagger of venom
Missiles
 d - 79 bolts (quivered ammo)
 g - 63 stones
 i - 4 poisoned darts
 r - 41 arrows
Armour
 c - a +0 leather armour (worn)
 s - a +0 helmet (worn)
Jewellery
 k - an amulet of the acrobat (around neck)
Scrolls
 j - a scroll of fear {unknown}
 l - 3 scrolls of identify {unknown}
 n - a scroll of amnesia {unknown}
 p - a scroll of blinking {unknown}
 t - 2 scrolls of teleportation {unknown}
Potions
 b - a potion of mutation {unknown}
 e - a potion of berserk rage {unknown}
 h - 2 potions of haste {unknown}
 m - 2 potions of ambrosia {unknown}
 o - a potion of heal wounds {unknown}
 q - a potion of curing {unknown}


   Skills:
 - Level 3.0 Fighting
 + Level 6.6 Crossbows
 - Level 3.0 Dodging
 - Level 1.3 Stealth


You had 4 spell levels left.
You didn't know any spells.
Your spell library contained the following spells:

 Spells                   Type           Power      Damage    Failure   Level
 Summon Small Mammal      Summ           0%         N/A       38%         1
 Call Canine Familiar     Summ           0%         N/A       77%         3
 Summon Guardian Golem    Hex/Summ       0%         N/A       77%         3


Dungeon Overview and Level Annotations

Branches:
Dungeon (3/15)

Altars:

Shops:
D:1 (


Innate Abilities, Weirdness & Mutations

You are small and have problems with some larger weapons.
You are completely attuned to the shadows.


Message History

The gnoll closely misses you.
Fire: 84 bolts
Press: ? - help, Q - select action, (/) - cycle Shift-Dir - straight line, f/p - gnoll
Aim: a gnoll, wielding a +0 halberd (heavily wounded, 70% to hit)
You shoot a bolt. The bolt hits the gnoll.
You kill the gnoll!
Unknown command.
d - 84 bolts (gained 1)
You see here a +0 halberd.
You start resting.
A gnoll is nearby!
Fire: 84 bolts
Press: ? - help, Q - select action, (/) - cycle Shift-Dir - straight line, f - gnoll
Aim: a gnoll, wielding a +0 flail (70% to hit)
You shoot a bolt. The bolt closely misses the gnoll.
Unknown command.
Fire: 83 bolts
Press: ? - help, Q - select action, (/) - cycle Shift-Dir - straight line, f/p - gnoll
Aim: a gnoll, wielding a +0 flail (70% to hit)
You shoot a bolt. The bolt hits the gnoll.
The gnoll is heavily wounded.
Unknown command.
Fire: 82 bolts
Press: ? - help, Q - select action, (/) - cycle Shift-Dir - straight line, f/p - gnoll
Aim: a gnoll, wielding a +0 flail (heavily wounded, 70% to hit)
You shoot a bolt. The bolt hits the gnoll.
The gnoll is heavily wounded.
Unknown command.
Fire: 81 bolts
Press: ? - help, Q - select action, (/) - cycle Shift-Dir - straight line, f/p - gnoll
Aim: a gnoll, wielding a +0 flail (heavily wounded, 70% to hit)
You shoot a bolt. The bolt closely misses the gnoll.
The gnoll hits you with a +0 flail!
* * * LOW HITPOINT WARNING * * *
Fire: 80 bolts
Press: ? - help, Q - select action, (/) - cycle Shift-Dir - straight line, f/p - gnoll
Aim: a gnoll, wielding a +0 flail (heavily wounded, 70% to hit)
You shoot a bolt. The bolt barely misses the gnoll.
The gnoll hits you with a +0 flail!
You die...

..#...#
#####.#...#g
........... #####
####.#(##g.# .....
...........#
###..######.#(##$##
............#g# ...
............#@#
###.
............#.#
............#.##..#
............#.#...#
######.####.#.....
#..###.###.###
##...........#
#..##.###.#.#
#..#....#.#.#


You could see a gnoll.

Vanquished Creatures
  A centaur skeleton (D:3)
  A gnoll (D:3)
  3 adders
  A dart slug (D:2)
  4 bats
  7 endoplasms
  A giant cockroach (D:2)
  A goblin (D:1)
  2 hobgoblins (D:1)
  4 quokkas
  6 ball pythons
  3 frilled lizards (D:1)
  6 kobolds
  4 rats
44 creatures vanquished.

Notes
Turn   | Place    | Note
-------+----------+-------------------------------------------
     0 | D:1      | Host24 the Kobold Hunter began the quest for the Orb.
     0 | D:1      | Reached XP level 1. HP: 12/12 MP: 1/1
   200 | D:1      | Reached skill level 5 in Crossbows
   263 | D:1      | Reached XP level 2. HP: 17/18 MP: 2/2
   863 | D:1      | Reached XP level 3. HP: 23/23 MP: 3/3
   957 | D:1      | Found Roitagof's Antique Weapon Boutique.
  1039 | D:1      | Found a faded altar of an unknown god.
  1988 | D:2      | Reached XP level 4. HP: 28/28 MP: 4/4
  2559 | D:3      | Reached skill level 6 in Crossbows
  2576 | D:3      | Reached XP level 5. HP: 31/32 MP: 5/5
  2642 | D:3      | Slain by a gnoll

Illustrated notes

Levels and vault maps discovered:
D:1:      lemuel_arrival_behind_the_door_small, layout_loops_corners,
          basic_ecumenical_altar, serial_shops, nicolae_shop_advertising_works
          [nicolae_subvault_shop_adworks]
D:2:      layout_basic, minmay_misc_feat_roman, kennysheep_donut,
          minmay_split_cup_large
D:3:      layout_basic, chequers_temple_overflow_minitemple

Skill      XL: |  1  2  3  4 |
---------------+-------------+-----
Crossbows      | 5 6 |  6.6
Fighting       | 3 |  3.0
Dodging        | 3 |  3.0
Stealth        | |  1.3

Action                   |  1- 3 |  4- 6 || total
-------------------------+-------+-------++-------
Melee: Short sword       |    10 |       ||    10
       Dagger            |    69 |    15 ||    84
       Punch             |     1 |       ||     1
 Fire: Hand crossbow     |     1 |    15 ||    16
 Stab: Sleeping          |    13 |     1 ||    14
Armor: Leather armour    |    17 |     7 ||    24
Dodge: Dodged            |    58 |    27 ||    85
